 Dungeon Crawl Stone Soup version 0.27-a0-1200-g94dc6ad4cf (webtiles) character file.

Game seed: 6655545122875952805

34 polve the Cutter (level 3, -1/29 HPs)
             Began as a Demonspawn Abyssal Knight on May 30, 2021.
             Was a Follower of Lugonu.
             Killed by divine providence
             ... invoked by an orc priest
              (13 damage)
             ... on level 3 of the Dungeon.
             The game lasted 00:01:25 (1947 turns).

polve the Cutter (Demonspawn Abyssal Knight)        Turns: 1947, Time: 00:01:26

Health: -1/29      AC:  5    Str: 13    XL:     3   Next: 14%
Magic:  4/4        EV: 15    Int: 13    God:    Lugonu [*.....]
Gold:   91         SH:  0    Dex: 12    Spells: 2/2 levels left

rFire    . . .     SeeInvis .   a - +1 short sword
rCold    . . .     Faith    .   (no shield)
rNeg     . . .     Spirit   .   b - +0 leather armour
rPois    .         Reflect  .   (no helmet)
rElec    .         Harm     .   m - +0 cloak
rCorr    .         Rampage  .   (no gloves)
Will     +....                  f - +0 pair of boots
Stlth    +.........             (no amulet)
HPRegen  0.09/turn              c - +4 ring of evasion
MPRegen  0.09/turn              o - ring of willpower

@: no status effects
A: powered by death 1, spiny 1
a: Renounce Religion, Depart the Abyss


You were on level 3 of the Dungeon.
You worshipped Lugonu.
Lugonu was aware of your devotion.
You visited 1 branch of the dungeon, and saw 3 of its levels.
You visited the Abyss 1 time.

You collected 91 gold pieces.

Inventory:

Hand Weapons
 a - a +1 short sword (weapon)
Armour
 b - a +0 leather armour (worn)
 f - a +0 pair of boots (worn)
 m - a +0 cloak (worn)
 p - a +0 helmet
Jewellery
 c - a +4 ring of evasion (left hand)
 o - a ring of willpower (right hand)
Scrolls
 d - a scroll of noise {unknown}
 e - a scroll of enchant weapon {unknown}
 i - a scroll of holy word {unknown}
 j - 2 scrolls of enchant armour {unknown}
 k - a scroll of identify {unknown}
 n - a scroll of vulnerability {unknown}
Potions
 g - a potion of flight {unknown}
 h - 2 potions of degeneration {unknown}
 l - a potion of might {unknown}


   Skills:
 - Level 3.0 Fighting
 + Level 3.3 Short Blades
 - Level 1.7 Armour
 - Level 0.8 Dodging
 - Level 2.4 Invocations


You had 2 spell levels left.
You didn't know any spells.
Your spell library contained the following spells:

 Spells                   Type           Power      Damage    Failure   Level
 Animate Skeleton         Necr           0%         N/A       36%         1
 Apportation              Tloc           0%         N/A       36%         1
 Corona                   Hex            0%         N/A       36%         1
 Summon Small Mammal      Summ           0%         N/A       36%         1


Dungeon Overview and Level Annotations

Branches:
Dungeon (3/15)

Altars:


Innate Abilities, Weirdness & Mutations

You regenerate a little health from kills.
You are partially covered in sharp spines.


Message History

Done exploring.
(D) Dungeon
Where to? (Enter - D:2, ? - help)
You see here 13 arrows.
There is a stone staircase leading down here.
You climb downwards.
An orc priest comes into view. It is wielding a +0 club.
The orc priest shouts!
You hear a shout!
Found 9 gold pieces.
Found an escape hatch in the ceiling.
There is a stone staircase leading up here.
An orc priest is nearby!
An orc priest is nearby!
An orc priest is nearby!
A giant cockroach and an orc come into view.
The orc shouts!
An orc comes into view. It is wielding a +0 whip.
Found a stone staircase leading up.
An orc comes into view. It is wielding a +0 dagger.
An orc comes into view. It is wielding a +0 club.
The orc shouts! x2
The orc priest invokes the aid of Beogh against you.
Beogh smites you!
Ouch! That really hurt!
You are too injured to fight recklessly!
You are too injured to fight recklessly!
You are too injured to fight recklessly!
You are too injured to fight recklessly!
You are too injured to fight recklessly!
You are too injured to fight recklessly!
You are too injured to fight recklessly!
You are too injured to fight recklessly!
You are too injured to fight recklessly!
You are too injured to fight recklessly!
You are too injured to fight recklessly!
You are too injured to fight recklessly!
The orc priest casts a cantrip, but nothing happens.
The giant cockroach bites you.
The orc priest mumbles some strange prayers to Beogh against you.
Beogh smites you!
You die...

##o# # ##..#
####< .o.#
.....##..#####
..<....o.....#
...##..oo....#
#.........#
#.##B#.####
... #@..# ...#
#..## ### ...#
...## ....#
.....# ....###
..$..


You could see an orc priest, 3 orcs and a giant cockroach.

Vanquished Creatures
  An endoplasm (D:1)
  2 giant cockroaches (D:1)
  4 hobgoblins
  2 kobolds
  4 quokkas
  3 ball pythons (D:1)
  5 bats
  5 frilled lizards
  A goblin (D:2)
  6 rats
33 creatures vanquished.

Notes
Turn   | Place    | Note
-------+----------+-------------------------------------------
     0 | Abyss:1  | polve the Demonspawn Abyssal Knight began the quest for the
                  | Orb.
     0 | Abyss:1  | Reached XP level 1. HP: 18/18 MP: 2/2
    72 | Abyss:1  | Noticed a large abomination
    91 | Abyss:1  | Noticed a neqoxec
    93 | Abyss:1  | Noticed a neqoxec
    95 | Abyss:1  | Noticed a rust devil
    98 | Abyss:1  | Noticed a small abomination
   100 | D:1      | Escaped the Abyss
   299 | D:1      | Reached * piety under Lugonu
   570 | D:1      | Gained mutation: You are partially covered in sharp spines.
                  | [demonic ancestry]
   570 | D:1      | Reached XP level 2. HP: 12/24 MP: 3/3
  1593 | D:2      | Found a faded altar of an unknown god.
  1637 | D:2      | Gained mutation: You regenerate a little health from kills.
                  | [demonic ancestry]
  1637 | D:2      | Reached XP level 3. HP: 25/29 MP: 4/4
  1947 | D:3      | Killed from afar by an orc priest

Illustrated notes

Levels and vault maps discovered:
D:1:      erik_arrival_orb_chamber, layout_basic, st_stairs_1,
          minmay_hexomino_u4
D:2:      layout_basic, ebering_ecumenical_altar_hall, kennysheep_another_room
D:3:      kennysheep_big_flooded_room, layout_rooms, minmay_stone_trees_large

Skill      XL: |  1  2 |
---------------+-------+-----
Short Blades   | 2 3 |  3.3
Fighting       | |  3.0
Armour         | |  1.7
Dodging        | |  0.8
Invocations    | |  2.4

Action                   || total
-------------------------++-------
Melee: Short sword       ||    92
Invok: Depart the Abyss  ||     1
Armor: Leather armour    ||    44
Dodge: Dodged            ||    98

Table legend: (Time is in decaauts)
 A = Elapsed time spent in this place.
 B = Non-inter-level travel time spent in this place.
 C = Inter-level travel time spent in this place.
 D = Time resting spent in this place.
 E = Time spent auto-exploring this place.
 F = Levels seen in this place.
 G = Mean time per level.
                   A        B        C        D        E       F      G
               +--------+--------+--------+--------+--------+-----+--------+
         Total |   1943 |   1890 |     53 |      0 |   1602 |   4 |  485.8 |
       Dungeon |   1842 |   1789 |     53 |      0 |   1531 |   3 |  614.0 |
         Abyss |    100 |    100 |      0 |      0 |     71 |   1 |  100.0 |
               +--------+--------+--------+--------+--------+-----+--------+

Top non-repeatable levels by time:
     D:1: 1278 daAuts
     D:2: 556 daAuts
 Abyss:1: 100 daAuts
     D:3: 7 daAuts
